TOP OF THE 1ST |
Stanford Cardinal batting - Pitching for Duke Blue Devils : RHP José Soto
|
Pitching: RHP José Soto
|
|
Batting: SHB Gary King
|
0-0: Ball 1-0: Ball 2-0: Called Strike 2-1: Swinging Strike 2-2: Strikes out swinging
|
Batting: RHB Pete Powell
|
0-0: Swinging Strike 0-1: Ball 1-1: Swinging Strike 1-2: Ball 2-2: Strikes out swinging
|
Batting: RHB Rick McDonald
|
0-0: Ball 1-0: Foul Ball, location: 2F 1-1: Ball 2-1: Called Strike 2-2: Ball 3-2: Foul Ball, location: 2F 3-2: SINGLE (Flyball, 78S)
|
Batting: RHB Flint Ballard
|
0-0: Foul Ball, location: 2F 0-1: Swinging Strike 0-2: Strikes out looking
|
Top of the 1st over - 0 runs, 1 hit, 0 errors, 1 left on base; Stanford 0 - Duke 0 |
BOTTOM OF THE 1ST |
Duke Blue Devils batting - Pitching for Stanford Cardinal : RHP Oscar Clark
|
Pitching: RHP Oscar Clark
|
|
Batting: RHB Curt Eastham
|
0-0: Ball 1-0: Ball 2-0: Foul Ball, location: 2F 2-1: Fly out, F4 (Popup, 4S)
|
Batting: RHB Bob Ferguson
|
0-0: Ball 1-0: Ball 2-0: Foul Ball, location: 2F 2-1: Called Strike 2-2: Strikes out swinging
|
Batting: SHB Luis Romero
|
0-0: Ball 1-0: SOLO HOME RUN (Flyball, 9D), Distance : 365 ft
|
Batting: SHB Álex Vega
|
0-0: Ball 1-0: Called Strike 1-1: SINGLE (Groundball, 4MD)
|
Batting: RHB Deron McClendon
|
0-0: Swinging Strike 0-1: Called Strike 0-2: Strikes out swinging
|
Bottom of the 1st over - 1 run, 2 hits, 0 errors, 1 left on base; Stanford 0 - Duke 1 |
TOP OF THE 2ND |
Stanford Cardinal batting - Pitching for Duke Blue Devils : RHP José Soto
|
Batting: LHB Brandon Napoleon
|
0-0: Foul Ball, location: 2F 0-1: Ground out 4-3 (Groundball, 4)
|
Batting: RHB Bill Sanders
|
0-0: Called Strike 0-1: Ball 1-1: Foul Ball, location: 2F 1-2: Ball 2-2: Ball 3-2: Ground out 5-3 (Groundball, 56)
|
Batting: RHB Ira Martin
|
0-0: Swinging Strike 0-1: Ball 1-1: Reached on error, E1 (Groundball, 15S)
|
Batting: LHB David Hebert
|
0-0: 2-RUN HOME RUN (Flyball, 9LD), Distance : 321 ft
|
Batting: LHB José Trindade
|
0-0: Ball 1-0: SINGLE (Line Drive, 9LS)
|
Batting: SHB Gary King
|
0-0: Swinging Strike 0-1: Ball 1-1: Ball 2-1: Ball 3-1: Fly out, F9 (Flyball, 9D)
|
Top of the 2nd over - 2 runs, 2 hits, 1 error, 1 left on base; Stanford 2 - Duke 1 |
BOTTOM OF THE 2ND |
Duke Blue Devils batting - Pitching for Stanford Cardinal : RHP Oscar Clark
|
Batting: RHB Marvin Bruce
|
0-0: Called Strike 0-1: Fly out, F9 (Flyball, 89S)
|
Batting: RHB Clint Durham
|
0-0: Foul Ball, location: 2F 0-1: Fly out, F7 (Flyball, 7S)
|
Batting: RHB Jackson Walker
|
0-0: Ball 1-0: Called Strike 1-1: Called Strike 1-2: SINGLE (Groundball, 3L) (infield hit)
|
Batting: RHB Tommy Reid
|
0-0: Ball 1-0: Ball 2-0: Called Strike Jackson Walker steals 2nd base 2-1: Ground out U3 (Groundball, 3)
|
Bottom of the 2nd over - 0 runs, 1 hit, 0 errors, 1 left on base; Stanford 2 - Duke 1 |
TOP OF THE 3RD |
Stanford Cardinal batting - Pitching for Duke Blue Devils : RHP José Soto
|
Batting: RHB Pete Powell
|
0-0: Called Strike 0-1: Fly out, F8 (Flyball, 8LD)
|
Batting: RHB Rick McDonald
|
0-0: Swinging Strike 0-1: SINGLE (Line Drive, 4M)
|
Batting: RHB Flint Ballard
|
0-0: SINGLE (Groundball, 56D) Rick McDonald to second
|
Batting: LHB Brandon Napoleon
|
0-0: Ball 1-0: Ball 2-0: Called Strike 2-1: Foul Ball, location: 2F 2-2: Foul Ball, location: 2F 2-2: Foul Ball, location: 2F 2-2: Foul Ball, location: 2F 2-2: Strikes out swinging
|
Batting: RHB Bill Sanders
|
0-0: Fly out, F9 (Flyball, 9LM)
|
Top of the 3rd over - 0 runs, 2 hits, 0 errors, 2 left on base; Stanford 2 - Duke 1 |
BOTTOM OF THE 3RD |
Duke Blue Devils batting - Pitching for Stanford Cardinal : RHP Oscar Clark
|
Batting: RHB Curt Eastham
|
0-0: Bunt for hit - play at first, batter safe!
|
Batting: RHB Bob Ferguson
|
0-0: Ball 1-0: Fly out, F9 (Flyball, 9S)
|
Batting: SHB Luis Romero
|
0-0: Called Strike 0-1: Ball 1-1: Foul Ball, location: 2F 1-2: Ball 2-2: Ball 3-2: SINGLE (Line Drive, 4) Curt Eastham to second Runner from 2nd tries for 3rd, SAFE, no throw
|
Batting: SHB Álex Vega
|
0-0: Foul Ball, location: 2F 0-1: Ball 1-1: Ball 2-1: SINGLE (Line Drive, 4MD) Curt Eastham scores Luis Romero to second
|
Batting: RHB Deron McClendon
|
0-0: Foul Ball, location: 2F 0-1: Called Strike 0-2: Foul Ball, location: 2F 0-2: Foul Ball, location: 2F 0-2: Foul Ball, location: 2F 0-2: Foul Ball, location: 2F 0-2: Ball 1-2: Grounds into double play, 6-4-3 (Groundball, 6)
|
Bottom of the 3rd over - 1 run, 3 hits, 0 errors, 1 left on base; Stanford 2 - Duke 2 |
TOP OF THE 4TH |
Stanford Cardinal batting - Pitching for Duke Blue Devils : RHP José Soto
|
Batting: RHB Ira Martin
|
0-0: Called Strike 0-1: Ball 1-1: Fly out, F9 (Flyball, 9LS)
|
Batting: LHB David Hebert
|
0-0: Ground out 3-1 (Groundball, 34S)
|
Batting: LHB José Trindade
|
0-0: Ball 1-0: Foul Ball, location: 2F 1-1: Ball 2-1: Ball 3-1: SINGLE (Groundball, 4MD)
|
Batting: SHB Gary King
|
0-0: DOUBLE (Flyball, 89D) José Trindade to third Runner from 3rd tries for Home, SAFE, no throw
|
Batting: RHB Pete Powell
|
0-0: Ball Wild Pitch! Gary King to third 1-0: Foul Ball, location: 2F 1-1: Swinging Strike 1-2: Strikes out swinging, 2-3 out at first.
|
Top of the 4th over - 1 run, 2 hits, 0 errors, 1 left on base; Stanford 3 - Duke 2 |
BOTTOM OF THE 4TH |
Duke Blue Devils batting - Pitching for Stanford Cardinal : RHP Oscar Clark
|
Batting: RHB Marvin Bruce
|
0-0: Ball 1-0: Called Strike 1-1: Ball 2-1: Swinging Strike 2-2: Foul Ball, location: 2F 2-2: Foul Ball, location: 2F 2-2: Ball 3-2: Fly out, F3 (Flyball, 3D)
|
Batting: RHB Clint Durham
|
0-0: Ball 1-0: SOLO HOME RUN (Flyball, 78XD), Distance : 381 ft
|
Batting: RHB Jackson Walker
|
0-0: Ball 1-0: Called Strike 1-1: Foul Ball, location: 2F 1-2: SINGLE (Flyball, 8RS)
|
Batting: RHB Tommy Reid
|
0-0: Ball Throwing error on steal attempt, E2 Jackson Walker to third 1-0: Fly out, F4 (Popup, 4S)
|
Batting: RHB Curt Eastham
|
0-0: Ball 1-0: Ball 2-0: Ball 3-0: Hit by Pitch
|
Batting: RHB Bob Ferguson
|
0-0: Fly out, F9 (Flyball, 9S)
|
Bottom of the 4th over - 1 run, 2 hits, 1 error, 2 left on base; Stanford 3 - Duke 3 |
TOP OF THE 5TH |
Stanford Cardinal batting - Pitching for Duke Blue Devils : RHP José Soto
|
Batting: RHB Rick McDonald
|
0-0: Ball 1-0: Ball 2-0: Ball 3-0: Called Strike 3-1: Swinging Strike 3-2: SINGLE (Flyball, 9LS)
|
Batting: RHB Flint Ballard
|
0-0: Ball 1-0: Fielders Choice at 2nd, 1-6 (Groundball, 13)
|
Batting: LHB Brandon Napoleon
|
0-0: Foul Ball, location: 2F 0-1: Swinging Strike 0-2: Foul Ball, location: 2F 0-2: Ball Wild Pitch! Flint Ballard to second 1-2: Ball 2-2: Ball 3-2: Foul Ball, location: 2F 3-2: Base on Balls
|
Pitching: RHP Nick Cooper
|
|
Batting: RHB Bill Sanders
|
0-0: Ball 1-0: Called Strike 1-1: Swinging Strike 1-2: Ball 2-2: Ball 3-2: Foul Ball, location: 2F 3-2: Strikes out swinging
|
Batting: RHB Ira Martin
|
0-0: Swinging Strike 0-1: Ball 1-1: Ball 2-1: Called Strike 2-2: Fielders Choice at 2nd, 6-4 (Groundball, 6)
|
Top of the 5th over - 0 runs, 1 hit, 0 errors, 2 left on base; Stanford 3 - Duke 3 |
BOTTOM OF THE 5TH |
Duke Blue Devils batting - Pitching for Stanford Cardinal : RHP Oscar Clark
|
Batting: SHB Luis Romero
|
0-0: Called Strike 0-1: Foul Ball, location: 2F 0-2: Ball 1-2: Strikes out swinging
|
Batting: SHB Álex Vega
|
0-0: Ball 1-0: SINGLE (Groundball, 6MD)
|
Batting: RHB Deron McClendon
|
0-0: TRIPLE (Flyball, 8RXD) Álex Vega scores
|
Batting: RHB Marvin Bruce
|
0-0: Called Strike 0-1: SINGLE (Groundball, 4D) Deron McClendon scores
|
Pitching: LHP Leonard Rowland
|
|
Batting: RHB Clint Durham
|
0-0: Ball 1-0: Ball 2-0: Foul Ball, location: 2F 2-1: Foul Ball, location: 2F 2-2: Ball 3-2: Foul Ball, location: 2F 3-2: Strikes out swinging
|
Batting: RHB Jackson Walker
|
0-0: Ball 1-0: Swinging Strike 1-1: Fly out, F8 (Flyball, 8RD)
|
Bottom of the 5th over - 2 runs, 3 hits, 0 errors, 1 left on base; Stanford 3 - Duke 5 |
TOP OF THE 6TH |
Stanford Cardinal batting - Pitching for Duke Blue Devils : RHP Nick Cooper
|
Batting: LHB David Hebert
|
0-0: Called Strike 0-1: Ball 1-1: Foul Ball, location: 2F 1-2: Fly out, F7 (Flyball, 7LSF)
|
Batting: LHB José Trindade
|
0-0: Swinging Strike 0-1: Called Strike 0-2: Ball 1-2: Ball 2-2: Strikes out swinging
|
Batting: SHB Gary King
|
0-0: Called Strike 0-1: Swinging Strike 0-2: Ball 1-2: Strikes out swinging
|
Top of the 6th over - 0 runs, 0 hits, 0 errors, 0 left on base; Stanford 3 - Duke 5 |
BOTTOM OF THE 6TH |
Duke Blue Devils batting - Pitching for Stanford Cardinal : LHP Leonard Rowland
|
Batting: RHB Tommy Reid
|
0-0: Ground out 5-3 (Groundball, 56S)
|
Batting: RHB Curt Eastham
|
0-0: Called Strike 0-1: Ball 1-1: Ground out 5-3 (Groundball, 56)
|
Batting: RHB Bob Ferguson
|
0-0: Called Strike 0-1: Ground out 6-3 (Groundball, 6)
|
Bottom of the 6th over - 0 runs, 0 hits, 0 errors, 0 left on base; Stanford 3 - Duke 5 |
TOP OF THE 7TH |
Stanford Cardinal batting - Pitching for Duke Blue Devils : RHP Nick Cooper
|
Batting: RHB Pete Powell
|
0-0: Ground out 5-3 (Groundball, 56)
|
Batting: RHB Rick McDonald
|
0-0: Called Strike 0-1: Ball 1-1: Swinging Strike 1-2: Strikes out swinging
|
Batting: RHB Flint Ballard
|
0-0: Ground out 6-3 (Groundball, 6)
|
Top of the 7th over - 0 runs, 0 hits, 0 errors, 0 left on base; Stanford 3 - Duke 5 |
BOTTOM OF THE 7TH |
Duke Blue Devils batting - Pitching for Stanford Cardinal : LHP Leonard Rowland
|
Batting: SHB Luis Romero
|
0-0: Ball 1-0: Ball 2-0: Swinging Strike 2-1: Ball 3-1: SINGLE (Line Drive, 34D)
|
Batting: SHB Álex Vega
|
0-0: Grounds into double play, 6-4-3 (Groundball, 6)
|
Batting: RHB Deron McClendon
|
0-0: Ball 1-0: Ball 2-0: Ball 3-0: Base on Balls
|
Batting: RHB Marvin Bruce
|
0-0: Ball 1-0: Ball 2-0: Swinging Strike 2-1: Foul Ball, location: 2F 2-2: SINGLE (Groundball, 6D) Deron McClendon to second
|
Batting: RHB Clint Durham
|
0-0: SINGLE (Line Drive, 7LM) Deron McClendon to third Marvin Bruce to second
|
Pinch Hitting: RHB Nick Anderson
|
0-0: Foul Ball, location: 2F 0-1: Ground out 6-3 (Groundball, 56)
|
Bottom of the 7th over - 0 runs, 3 hits, 0 errors, 3 left on base; Stanford 3 - Duke 5 |
TOP OF THE 8TH |
Stanford Cardinal batting - Pitching for Duke Blue Devils : RHP Nick Cooper
|
Pitching: LHP Bill Howard
|
|
Now in RF: Nick Anderson
|
|
Batting: LHB Brandon Napoleon
|
0-0: Called Strike 0-1: Swinging Strike 0-2: Ball 1-2: Reached on error, E3 (Groundball, 3)
|
Pitching: RHP Dan Walls
|
|
Batting: RHB Bill Sanders
|
0-0: Foul Ball, location: 2F 0-1: DOUBLE (Flyball, 9LD) Brandon Napoleon to third
|
Batting: RHB Ira Martin
|
0-0: Fly out, F9 (Flyball, 9S) Runner from 3rd tags up, SCORES, throw made
|
Batting: LHB David Hebert
|
0-0: Fly out, F9 (Flyball, 9S)
|
Batting: LHB José Trindade
|
0-0: Ball 1-0: Foul Ball, location: 2F 1-1: Foul Ball, location: 2F 1-2: Foul Ball, location: 2F 1-2: Foul Ball, location: 2F 1-2: Strikes out looking
|
Top of the 8th over - 1 run, 1 hit, 1 error, 1 left on base; Stanford 4 - Duke 5 |
BOTTOM OF THE 8TH |
Duke Blue Devils batting - Pitching for Stanford Cardinal : LHP Leonard Rowland
|
Batting: RHB Tommy Reid
|
0-0: Called Strike 0-1: Called Strike 0-2: Foul Ball, location: 2F 0-2: SINGLE (Groundball, 34D)
|
Batting: RHB Curt Eastham
|
0-0: Sac Bunt - play at first, batter OUT! 3-4 Tommy Reid to second
|
Batting: RHB Bob Ferguson
|
0-0: Intentional Walk
|
Batting: SHB Luis Romero
|
0-0: Called Strike 0-1: Ball 1-1: Fly out, F8 (Flyball, 78M)
|
Batting: SHB Álex Vega
|
0-0: Ball 1-0: Foul Ball, location: 2F 1-1: DOUBLE (Line Drive, 89M) Tommy Reid scores Bob Ferguson to third Runner from 3rd tries for Home, SAFE, no throw
|
Batting: RHB Deron McClendon
|
0-0: Ball 1-0: Ball 2-0: Ball 3-0: Base on Balls
|
Pitching: RHP Herman Watson
|
|
Batting: RHB Marvin Bruce
|
0-0: Called Strike 0-1: Ball 1-1: Called Strike 1-2: Foul Ball, location: 2F 1-2: Foul Ball, location: 2F 1-2: Foul Ball, location: 2F 1-2: Ball 2-2: Foul Ball, location: 2F 2-2: Strikes out swinging
|
Bottom of the 8th over - 2 runs, 2 hits, 0 errors, 2 left on base; Stanford 4 - Duke 7 |
BOTTOM OF THE 9TH |
Duke Blue Devils batting - Pitching for Stanford Cardinal : RHP Herman Watson
|
Batting: RHB Clint Durham
|
0-0: Ball 1-0: Foul Ball, location: 2F 1-1: SOLO HOME RUN (Flyball, 7D), Distance : 354 ft
|
Saturday, April 7th, 2018 - OOTP Baseball 18.8 Build 76
|
|